 Dungeon Crawl Stone Soup version 0.29-a0-563-g64e4043184 (webtiles) character file.

Game seed: 14723155783802925223

6 vulpzor the Caller (level 1, -2/20 HPs)
             Began as a Gnoll Wanderer on June 11, 2022.
             Slain by a kobold
             ... wielding a +0 dagger
              (3 damage)
             ... on level 1 of the Dungeon.
             The game lasted 00:01:22 (104 turns).

vulpzor the Caller (Gnoll Wanderer)                  Turns: 104, Time: 00:01:24

Health: -2/20      AC:  2    Str: 12    XL:     1   Next: 90%
Magic:  4/4        EV: 12    Int: 13    God:
Gold:   0          SH:  0    Dex:  8    Spells: 2/5 levels left

rFire   . . .      SeeInvis .   a - +0 club
rCold   . . .      Faith    .   (no shield)
rNeg    . . .      Spirit   .   c - +0 robe
rPois   .          Reflect  .   (no helmet)
rElec   .          Harm     .   (no cloak)
rCorr   .          Rampage  .   (no gloves)
Will    .....                   (no boots)
Stlth   +.........              (no amulet)
HPRegen 0.06/turn               (no ring)
MPRegen 0.09/turn               (no ring)

@: no status effects
A: fangs 1, strong nose, distributed training
a: no special abilities


You were on level 1 of the Dungeon.
You visited 1 branch of the dungeon, and saw 1 of its levels.

Inventory:

Hand Weapons
 a - a +0 club (weapon)
Armour
 c - a +0 robe (worn)
Scrolls
 b - a scroll of silence
Potions
 d - a potion of curing


   Skills:
 + Level 4.4 Fighting
 + Level 0.2 Short Blades
 + Level 0.2 Long Blades
 + Level 0.2 Axes
 + Level 0.2 Maces & Flails
 + Level 0.2 Polearms
 + Level 0.2 Staves
 + Level 0.2 Slings
 + Level 0.2 Bows
 + Level 0.2 Crossbows
 + Level 0.2 Throwing
 + Level 2.4 Armour
 + Level 2.4 Dodging
 + Level 0.2 Stealth
 + Level 0.2 Shields
 + Level 0.2 Unarmed Combat
 + Level 2.6 Spellcasting
 + Level 0.1 Conjurations
 + Level 0.1 Hexes
 + Level 5.3 Summonings
 + Level 0.1 Necromancy
 + Level 0.1 Translocations
 + Level 3.6 Transmutations
 + Level 0.1 Fire Magic
 + Level 0.1 Ice Magic
 + Level 0.1 Air Magic
 + Level 0.1 Earth Magic
 + Level 0.1 Poison Magic
 + Level 0.3 Invocations
 + Level 0.2 Evocations


You had 2 spell levels left.
You knew the following spells:

 Your Spells              Type           Power      Damage    Failure   Level
a - Summon Small Mammal   Summ           60%        N/A       2%          1
b - Beastly Appendage     Tmut           22%        N/A       5%          1
c - Sting                 Tmut/Pois      24%        1d4       11%         1

Your spell library contained the following spells:

 Spells                   Type           Power      Damage    Failure   Level
 Call Canine Familiar     Summ           15%        N/A       8%          3
 Petrify                  Tmut/Erth      6%         N/A       71%         4


Dungeon Overview and Level Annotations

Branches:
Dungeon (1/15)

Altars:


Innate Abilities, Weirdness & Mutations

You have very sharp teeth.
Your uncanny sense of smell can sniff out nearby items.
Your experience applies equally to all skills.


Message History

The bat dies!
The kobold throws a stone.
The stone closely misses you.
The kobold throws a stone.
The stone misses your quokka. The stone hits you.
A hobgoblin comes into view.
You see here a glowing golden potion.
A bat comes into view.
Your quokka bites the hobgoblin. x2
A kobold comes into view. It is wielding a +0 club.
The kobold shouts!
Your quokka disappears in a puff of smoke!
The kobold throws a stone.
The stone completely misses you.
The kobold throws a stone.
The stone completely misses you.
You are too injured to fight recklessly!
You are too injured to fight recklessly!
You are too injured to fight recklessly!
You are too injured to fight recklessly!
You are too injured to fight recklessly!
You are too injured to fight recklessly!
You hit the bat. Your bite misses the bat.
The bat is heavily wounded.
The bat closely misses you. x2
You hit the bat.
The bat is severely wounded.
The bat completely misses you. The bat misses you.
You hit the bat.
You kill the bat!
You closely miss the kobold. The hobgoblin hits you.
The kobold closely misses you.
You hit the kobold.
The kobold is heavily wounded.
The kobold hits you but does no damage. The hobgoblin hits you.
* * * LOW HITPOINT WARNING * * *
The kobold barely misses you.
You hit the kobold but do no damage.
The kobold is heavily wounded.
The kobold hits you but does no damage. The kobold completely misses you.
The hobgoblin hits you.
* * * LOW HITPOINT WARNING * * *
The kobold hits you with a +0 dagger.
You die...

#....# ....#..##..##.
#..#.##......##...#..
##..#.#......##..#.#..
#...........##..##..#.
#..........##..###.##.
###.......####..##
#..#.
##.....!.#......##
#....
........gK##...## #.##
..###...@K.#....# .. #
#....#.#.##..#
#..###.... #..# #..#
###... #..# #.#
###..##..# #. ... #..
.. . #


You could see a hobgoblin and 2 kobolds.

Vanquished Creatures
  A ball python (D:1)
  3 bats (D:1)
  A rat (D:1)
5 creatures vanquished.

Vanquished Creatures (collateral kills)
  A bat (D:1)
1 creature vanquished.

Grand Total: 6 creatures vanquished

Notes
Turn   | Place    | Note
-------+----------+-------------------------------------------
     0 | D:1      | vulpzor the Gnoll Wanderer began the quest for the Orb.
     0 | D:1      | vulpzor set off with the following items: a +0 club, a
                  | scroll of silence, a +0 robe, a potion of curing; and the
                  | following spells available to memorise: Summon Small
                  | Mammal, Beastly Appendage, Call Canine Familiar, Sting,
                  | Petrify
     0 | D:1      | Reached XP level 1. HP: 20/20 MP: 4/4
    28 | D:1      | Learned a level 1 spell: Summon Small Mammal
    30 | D:1      | Learned a level 1 spell: Beastly Appendage
    32 | D:1      | Learned a level 1 spell: Sting
   104 | D:1      | HP: 1/20 [hobgoblin (3)]
   104 | D:1      | Slain by a kobold

Illustrated notes

Levels and vault maps discovered:
D:1:      dpeg_chamrin_arrival_tetris, layout_rooms

Action                   || total
-------------------------++-------
Melee: Club              ||    14
 Cast: Summon Small Mamm ||     1
  Use: Scroll            ||     1
Armor: Robe              ||     8
Dodge: Dodged            ||    27

Table legend: (Time is in decaauts)
 A = Elapsed time spent in this place.
 B = Non-inter-level travel time spent in this place.
 C = Inter-level travel time spent in this place.
 D = Time resting spent in this place.
 E = Time spent auto-exploring this place.
 F = Levels seen in this place.
 G = Mean time per level.
                   A        B        C        D        E       F      G
               +--------+--------+--------+--------+--------+-----+--------+
         Total |    107 |    107 |      0 |     34 |     27 |   1 |  107.0 |
       Dungeon |    107 |    107 |      0 |     34 |     27 |   1 |  107.0 |
               +--------+--------+--------+--------+--------+-----+--------+

Top non-repeatable levels by time:
     D:1: 107 daAuts
